AoeStats
← Dustin

Arena

509883831Analyzed
2v2 RM · 3d ago on Sep 28, 2026· 42m 36s· 4 players
Game mode
Random Map
Map size
Medium (4 player)
Population
200
Speed
Normal
Resources
Standard
Victory
Conquest
Starting age
Dark Age
Ending age
Imperial Age
RankedLock teamsTeams togetherTeam positionsShared explorationLock speedFull tech treeHidden civsTurbo modeCheats
Victory
Defeat
🇨🇳 Varangians · China
1531
+14
🇪🇸 Goths · Spain
1468
+17
🇩🇪 Saxons · Germany
1509
-16
🇩🇪 Cumans · Germany
1477
-15
MISTER COLLEJAS
10:07 Feudal Age
13:48 Castle Age
12:36 Double-Bit Axe
14:19 Loom
14:42 Horse Collar
23:41 Scale Mail Armor
24:50 Chain Mail Armor
27:28 Bow Saw
32:37 Wheelbarrow
32:04 Town Watch
32:10 Pikeman
33:33 Forging
33:55 Squires
松弟
10:14 Feudal Age
14:27 Castle Age
12:36 Double-Bit Axe
13:59 Horse Collar
17:17 Loom
27:05 Imperial Age
26:49 Gold Mining
27:18 Forging
28:06 Wheelbarrow
27:17 Town Watch
27:50 Bloodlines
29:04 Iron Casting
29:45 Conscription
29:43 Scale Barding Armor
29:40 Husbandry
33:03 Chain Barding Armor
33:44 Blast Furnace
37:30 Heavy Plow
39:11 Hand Cart
41:51 Plate Barding Armor
41:07 Fletching
41:13 Elite Jarl
42:30 Crop Rotation
41:55 Stone Mining
Flying Mouse -AOE-
10:44 Feudal Age
9:02 Loom
12:03 Double-Bit Axe
14:24 Castle Age
15:11 Horse Collar
15:44 Bow Saw
22:40 Fletching
25:20 Masonry
27:40 Fortified Wall
27:49 Gold Mining
27:49 Stone Mining
32:12 Forging
33:41 Wheelbarrow
32:55 Town Watch
36:39 Hand Cart
42:12 Squires
Dustin
9:15 Feudal Age
10:00 Horse Collar
10:06 Double-Bit Axe
14:31 Loom
16:20 Town Watch
15:57 Man-at-Arms
19:02 Wheelbarrow
18:36 Scale Mail Armor
24:28 Castle Age
28:30 Imperial Age
26:17 Masonry
26:03 Murder Holes
27:30 Scale Barding Armor
27:35 Forging
28:37 Chain Barding Armor
29:00 Bow Saw
29:19 Bloodlines
30:45 Plate Barding Armor
33:55 Iron Casting
35:16 Cavalier
Connection lost

Rejoining the realm…

Still unreachable

The connection could not be restored.

Session expired

The server has moved on; the page needs a fresh start.